 Dungeon Crawl Stone Soup version 0.27.0-1-g7a089689b8 (webtiles) character file.

Game seed: 2144540901831961300

1 VictoriousLee the Magician (level 1, -3/15 HPs)
             Began as a Djinni Fire Elementalist on Aug 8, 2021.
             Slain by a hobgoblin (4 damage)
             ... on level 1 of the Dungeon.
             The game lasted 00:01:22 (76 turns).

VictoriousLee the Magician (Djinni Fire Elementalist) Turns: 76, Time: 00:01:23

Health: -3/15      AC:  2    Str:  7    XL:     1   Next: 22%
Gold:   0          EV: 12    Int: 16    God:
                   SH:  0    Dex: 13

rFire    + + .     SeeInvis .   b - +0 dagger
rCold    x . .     Faith    .   (no shield)
rNeg     . . .     Spirit   .   a - +0 robe
rPois    ∞         Reflect  .   (no helmet)
rElec    .         Harm     .   (no cloak)
rCorr    .         Rampage  .   (no gloves)
Will     .....                  (boots unavailable)
Stlth    ++........             (no amulet)
HPRegen  0.05/turn              (no ring)
MPRegen  0.00/turn              (no ring)

@: flying
A: sickness immunity, fire resistance 2, cold vulnerability 1, float, innate
caster, hp casting, extra vitality 1
a: no special abilities


You were on level 1 of the Dungeon.
You visited 1 branch of the dungeon, and saw 1 of its levels.

Inventory:

Hand Weapons
 b - a +0 dagger (weapon)
Armour
 a - a +0 robe (worn)


   Skills:
 - Level 2.1 Dodging
 - Level 1.5 Stealth
 + Level 2.4 Spellcasting


You couldn't memorise any spells.
You knew the following spells:

 Your Spells              Type           Power      Damage    Failure   Level
a - Foxfire               Conj/Fire      36%        2x1d5     7%          1
b - Conjure Flame         Conj/Fire      9%         6-21      22%         3
c - Inner Flame           Hex/Fire       9%         N/A       22%         3
d - Sticky Flame          Conj/Fire      9%         2d3       56%         4
e - Fireball              Conj/Fire      4%         3d4       89%         5
Your spell library was empty.

Dungeon Overview and Level Annotations

Branches:
Dungeon (1/15)

Altars:


Innate Abilities, Weirdness & Mutations

You are immune to sickness and miasma.
You are immune to poison.
Your flesh is very heat resistant. (rF++)
You are vulnerable to cold. (rC-)
You float through the air rather than walking.
You learn spells naturally, not from books.
Your magical power is your life essence.
You have superior vitality. (+4 HP)


Message History

Found a faded altar of an unknown god.
Cast which spell? (? or * to list)
You conjure some foxfire!
The foxfire hits the hobgoblin.
The hobgoblin is moderately wounded.
Your foxfire dissipates!
Casting: Foxfire (safe; 8% risk of failure)
Confirm with . or Enter, or press ? or * to list all spells.
You conjure some foxfire!
The foxfire hits the hobgoblin.
You kill the hobgoblin!
Casting: Foxfire (safe; 7% risk of failure)
Confirm with . or Enter, or press ? or * to list all spells.
You conjure some foxfire!
The foxfire hits the hobgoblin.
The hobgoblin is lightly wounded.
The foxfire hits the hobgoblin.
The hobgoblin is moderately wounded.
You closely miss the hobgoblin.
The hobgoblin is moderately wounded.
Casting: Foxfire (safe; 7% risk of failure)
Confirm with . or Enter, or press ? or * to list all spells.
There is not enough space to conjure foxfire!
You hit the hobgoblin.
The hobgoblin is lightly wounded.
The hobgoblin hits you. The hobgoblin barely misses you.
You hit the hobgoblin but do no damage.
The hobgoblin is lightly wounded.
The hobgoblin misses you. The hobgoblin hits you.
You closely miss the hobgoblin.
The hobgoblin is lightly wounded.
The hobgoblin hits you. x2
* * * LOW HITPOINT WARNING * * *
You hit the hobgoblin but do no damage.
The hobgoblin is lightly wounded.
The hobgoblin hits you.
* * * LOW HITPOINT WARNING * * *
The hobgoblin barely misses you.
You barely miss the hobgoblin.
The hobgoblin is lightly wounded.
The hobgoblin hits you.
You die...

.._.... .....g.
....... ..∩.g∩.
....... .......
..∩..∩.########
#.........g@#
###########g#
#.# #.# #.# #.#
#.#
#.###########
#...........#


You could see 2 hobgoblins.

Vanquished Creatures
  A hobgoblin (D:1)
1 creature vanquished.

Vanquished Creatures (others)
  2 foxfires (D:1)
2 creatures vanquished.

Grand Total: 3 creatures vanquished

Notes
Turn   | Place    | Note
-------+----------+-------------------------------------------
     0 | D:1      | VictoriousLee the Djinni Fire Elementalist began the quest
                  | for the Orb.
     0 | D:1      | Reached XP level 1. HP: 15/15 MP: 0/0
    60 | D:1      | Found a faded altar of an unknown god.
    76 | D:1      | Slain by a hobgoblin

Illustrated notes

Levels and vault maps discovered:
D:1:      dpeg_arrival_short_road, layout_loops_ring,
          hellmonk_ecumenical_altar_arch_garden

Action                   || total
-------------------------++-------
Melee: Dagger            ||     6
 Cast: Foxfire           ||     3
Dodge: Dodged            ||     3
